 Dungeon Crawl Stone Soup version 0.18-a0-775-g4d9e04e (webtiles) character file.

32073 4thArraOfDagon the Severer (level 13, -7/106 HPs)
             Began as a Hill Orc Berserker on Dec 13, 2015.
             Was an Elder of Trog.
             Killed from afar by a deep elf knight (20 damage)
             ... with a stone arrow
             ... on level 2 of the Elven Halls.
             The game lasted 00:31:16 (4941 turns).

4thArraOfDagon the Severer (Hill Orc Berserker)     Turns: 4941, Time: 00:31:16

Health: -7/106     AC: 22    Str: 25    XL:     13   Next: 62%
Magic:  15/15      EV:  8    Int:  9    God:    Trog [****..]
Gold:   566        SH:  2    Dex: 10    Spells: 0 memorised, 12 levels left

rFire  + . .     SeeInvis .     o - +5 hand axe "Xystir" {chop, rN+ Dex+2}
rCold  + + .     Clarity  .     J - +1 plate armour {rF+}
rNeg   + . .     SustAt   +     (no shield)
rPois  .         Gourm    .     (no helmet)
rElec  .         Spirit   .     H - +2 cloak {rC+}
rCorr  .         Dismiss  .     F - +1 pair of gloves {rC+}
rMut   .         Rnd*Tele +     (no boots)
MR     +....                    x - +2 amulet of reflection
Stlth  ..........               z - ring of protection from magic
                                v - ring of sustain attributes

@: exhausted, very slightly contaminated, slowed, very slow, somewhat resistant
to hostile enchantments, extremely unstealthy
A: clever 1, clumsy 1, frail 1, low mp 1, teleportitis 1, wild magic 1,
evolution 2, no device heal 1
a: Berserk, Trog's Hand, Brothers in Arms, Burn Spellbooks, Renounce Religion


You were on level 2 of the Elven Halls.
You worshipped Trog.
Trog was greatly pleased with you.
You were near starving.

You visited 3 branches of the dungeon, and saw 15 of its levels.
You also visited: Ice Cave.

You collected 1221 gold pieces.
You spent 655 gold pieces at shops.

Inventory:

Hand Weapons
 o - the +5 hand axe "Xystir" (weapon) {chop, rN+ Dex+2}
   (You found it on level 4 of the Dungeon)

   It inflicts extra damage upon your enemies.
   It affects your dexterity (+2).
   It protects you from negative energy.
 B - a +0 battleaxe
Missiles
 D - 7 javelins (quivered)
Armour
 F - a +1 pair of gloves of cold resistance (worn)
 H - a +2 cloak of cold resistance (worn)
 J - a +1 plate armour of fire resistance (worn)
 L - a +0 shield of reflection
Jewellery
 v - a ring of sustain attributes (left hand)
 x - a +2 amulet of reflection (around neck)
 z - a ring of protection from magic (right hand)
Wands
 a - a wand of slowing (22)
 t - a wand of slowing (14)
 A - a wand of flame (21)
 N - a wand of disintegration (16)
Scrolls
 i - a scroll of noise
 k - 2 scrolls of identify
 l - 2 scrolls of enchant weapon {unknown}
 n - 3 scrolls of remove curse {unknown}
 r - 2 scrolls of amnesia {unknown}
 u - a scroll of fear {unknown}
 w - 3 scrolls of fog {unknown}
 M - a scroll of recharging
Potions
 h - 3 potions of curing
 q - a potion of cure mutation
 C - a potion of ambrosia
 I - a potion of cancellation
Books
 c - a book of Ice

   Spells                             Type                      Level
   a - Ice Form                       Ice/Transmutation            4
   b - Metabolic Englaciation         Hexes/Ice                    5
   c - Ozocubu's Refrigeration        Ice                          6
   d - Bolt of Cold                   Conjuration/Ice              6
   e - Freezing Cloud                 Conjuration/Ice/Air          6
   f - Simulacrum                     Ice/Necromancy               6
   Trog disapproves of the use of such an item.
 f - a book of Frost

   Spells                             Type                      Level
   a - Freeze                         Ice                          1
   b - Throw Frost                    Conjuration/Ice              2
   c - Ozocubu's Armour               Charms/Ice                   3
   d - Throw Icicle                   Conjuration/Ice              4
   e - Summon Ice Beast               Ice/Summoning                4
   f - Condensation Shield            Ice                          4
   Trog disapproves of the use of such an item.
 E - a book of Frost

   Spells                             Type                      Level
   a - Freeze                         Ice                          1
   b - Throw Frost                    Conjuration/Ice              2
   c - Ozocubu's Armour               Charms/Ice                   3
   d - Throw Icicle                   Conjuration/Ice              4
   e - Summon Ice Beast               Ice/Summoning                4
   f - Condensation Shield            Ice                          4
   Trog disapproves of the use of such an item.
 G - a book of Ice

   Spells                             Type                      Level
   a - Ice Form                       Ice/Transmutation            4
   b - Metabolic Englaciation         Hexes/Ice                    5
   c - Ozocubu's Refrigeration        Ice                          6
   d - Bolt of Cold                   Conjuration/Ice              6
   e - Freezing Cloud                 Conjuration/Ice/Air          6
   f - Simulacrum                     Ice/Necromancy               6
   Trog disapproves of the use of such an item.
Miscellaneous
 d - a phial of floods (inert)
 y - an ornate deck of summoning {the Pentagram, drawn: 1}
Comestibles
 g - 15 chunks of flesh
 m - a meat ration


   Skills:
 - Level 12.2 Fighting
 * Level 19.7 Axes
 + Level 12.5 Armour
 - Level 1.5 Dodging
 - Level 5.0 Evocations


You had 12 spell levels left.
You didn't know any spells.

Dungeon Overview and Level Annotations

Branches:
Dungeon (11/15)              Lair (0/8) D:9             Orc (2/2) D:10
    Elf (2/3) Orc:2
 Temple: D:4-7

Altars:
Nemelex Xobeh
Qazlal

Shops:
Orc:2 }?}*

Annotations:
D:8 Prince Ribbit
Elf:2 Agnes


Innate Abilities, Weirdness & Mutations

Your mind is acute. (Int +2)
You are clumsy. (Dex -2)
You are frail (-10% HP).
Your magical capacity is low (-10% MP).
You are occasionally teleported next to monsters.
Your spells are a little harder to cast, but a little more powerful.
You rapidly evolve.
Potions and wands are less effective at restoring your health.


Message History

Unknown command.
Your two-headed ogre goes berserk!
You feel somewhat more hungry.
Unknown command.
You fail to use your ability.
You feel sick.
You are no longer poisoned.
The eveningstar of pain hits your two-headed ogre!!
Your two-headed ogre hits the eveningstar of pain with a giant club!
The eveningstar of pain falls from the air.
The jumping spider leaps!
Unknown command.
Unknown command.
Unknown command.
Evoke which item? (* to show all) (? for menu, Esc to quit)
Okay, then.
Drink which item? (? for menu, Esc to quit)
You feel much better.
The deep elf knight gestures at you while chanting.
The stone arrow hits you!
You die...

#§.§.....
#........
#.e...#..
...
#....##
....
#(...#
....
#.)§##
....
#.O.##
....
#e...##
....
#@....#
....
##.......
....
......#
#...
##...## #
####


You could see a deep elf knight, a deep elf mage, a glaive of protection and a
friendly two-headed ogre (berserk).

Vanquished Creatures
  Donald (Orc:2)
  A deep elf demonologist (Elf:1)
  4 ogre magi (Orc:2)
  2 dancing weapons (Elf:2)
  Urug (D:11)
  6 orc knights
  A necromancer (IceCv)
  An ugly thing (D:10)
  7 deep elf magi
  2 orc sorcerers
  Joseph (D:10)
  A centaur zombie (D:11)
  A gargoyle (D:10)
  A wolf spider simulacrum (IceCv)
  11 two-headed ogres (Orc:2)
  3 trolls
  10 freezing wraiths (IceCv)
  An air elemental (Elf:1)
  7 deep elf fighters
  4 hippogriffs
  8 wargs
  16 ice beasts
  18 orc warriors
  2 alligator simulacra (IceCv)
  A phantom (D:7)
  5 necrophages
  A sky beast (D:7)
  28 ogres
  3 centaurs
  2 giant frogs
  A wight (D:7)
  2 draconian simulacra (IceCv)
  2 giant frog zombies
  4 centaur skeletons
  2 jellies
  6 orc priests
  2 crimson imps
  4 iguanas
  A gnoll shaman (D:7)
  15 orc wizards
  A wolf simulacrum (IceCv)
  2 spriggan simulacra (IceCv)
  4 worker ants
  3 centaur simulacra (IceCv)
  8 troll simulacra (IceCv)
  6 gnolls (D:7)
  4 adders
  3 naga simulacra (IceCv)
  An ogre simulacrum (IceCv)
  12 white imps (IceCv)
  2 adder zombies (D:7)
  2 giant geckos
  68 orcs
  2 giant cockroaches (D:1)
  5 hobgoblins
  3 kobolds
  A ball python (D:4)
  A bat (D:2)
  2 giant newts (D:4)
  3 goblins (D:2)
  A rat (D:1)
323 creatures vanquished.

Vanquished Creatures (collateral kills)
  A dancing weapon (Elf:2)
  An ice statue (IceCv)
  A deep elf fighter (Elf:1)
  A troll simulacrum (IceCv)
4 creatures vanquished.

Vanquished Creatures (others)
  A two-headed ogre (Orc:1)
  An orc (D:10)
2 creatures vanquished.

Grand Total: 329 creatures vanquished

Notes
Turn   | Place    | Note
--------------------------------------------------------------
     0 | D:1      | 4thArraOfDagon the Hill Orc Berserker began the quest for the Orb.
     0 | D:1      | Reached XP level 1. HP: 19/19 MP: 1/1
    32 | D:1      | Reached XP level 2. HP: 9/27 MP: 2/2
   154 | D:2      | Reached XP level 3. HP: 11/33 MP: 3/3
   254 | D:2      | Found a sparkling altar of Nemelex Xobeh.
   263 | D:2      | Reached skill level 5 in Axes
   374 | D:4      | Reached XP level 4. HP: 26/40 MP: 4/4
   380 | D:4      | Reached ** piety under Trog
   428 | D:4      | Found a stormy altar of Qazlal.
   428 | D:4      | Noticed an air elemental
   435 | D:4      | HP: 2/61 [worker ant (4)]
   436 | D:4      | Reached XP level 5. HP: 2/47 MP: 5/5
   440 | D:4      | HP: 3/70 [poisoned by a worker ant]
   482 | D:4      | Got a twisted hand axe
   483 | D:4      | Identified the +5 hand axe "Xystir" {chop, rN+ Dex+2} (You found it on level 4 of the Dungeon)
   499 | D:4      | Reached skill level 6 in Axes
   540 | D:5      | Entered Level 5 of the Dungeon
   627 | D:7      | Noticed a necrophage
   629 | D:7      | Noticed a necrophage
   633 | D:7      | Noticed a sky beast
   636 | D:7      | Killed a necrophage
   636 | D:7      | Reached skill level 5 in Fighting
   636 | D:7      | Reached XP level 6. HP: 56/56 MP: 6/6
   648 | D:7      | Reached skill level 7 in Axes
   649 | D:7      | Reached XP level 7. HP: 61/61 MP: 7/7
   657 | D:7      | Gained mutation: You passively map a small area around you. [mutagenic meat]
   658 | D:7      | Gained mutation: Your mind is acute. (Int +2) [mutagenic meat]
   659 | D:7      | Lost mutation: You passively map a small area around you. [mutagenic meat]
   660 | D:7      | Gained mutation: You evolve. [mutagenic meat]
   661 | D:7      | Gained mutation: Your spells are a little harder to cast, but a little more powerful. [mutagenic meat]
   668 | D:7      | Noticed a hippogriff
   739 | D:7      | Reached skill level 8 in Axes
   743 | D:7      | Reached skill level 5 in Armour
   747 | D:7      | Reached skill level 9 in Axes
   747 | D:7      | Reached XP level 8. HP: 70/70 MP: 8/8
   938 | D:7      | Reached skill level 10 in Axes
  1046 | D:8      | Noticed Prince Ribbit
  1058 | D:8      | Gained mutation: Your magical capacity is low (-10% MP). [evolution]
  1080 | D:9      | Reached skill level 11 in Axes
  1080 | D:9      | Reached XP level 9. HP: 72/78 MP: 8/8
  1155 | D:9      | Got a warped leather armour
  1195 | D:9      | Found a staircase to the Lair.
  1223 | D:10     | Entered Level 10 of the Dungeon
  1295 | D:10     | Noticed a centaur skeleton
  1295 | D:10     | Noticed Joseph
  1317 | D:10     | Killed Joseph
  1317 | D:10     | Reached skill level 12 in Axes
  1321 | D:10     | Killed a centaur skeleton
  1427 | D:10     | Noticed a gargoyle
  1427 | D:10     | Noticed a brown ugly thing
  1434 | D:10     | Reached XP level 10. HP: 91/91 MP: 9/9
  1435 | D:10     | Killed a brown ugly thing
  1435 | D:10     | Reached skill level 13 in Axes
  1513 | D:10     | Noticed an orc knight
  1547 | D:10     | Killed an orc knight
  1547 | D:10     | Reached skill level 14 in Axes
  1593 | D:10     | Noticed an orc sorcerer
  1610 | D:10     | Reached skill level 10 in Fighting
  1617 | D:10     | Killed an orc sorcerer
  1634 | D:10     | Noticed an orc knight
  1668 | D:10     | Killed an orc knight
  1739 | D:10     | Reached *** piety under Trog
  1902 | D:10     | Received a gift from Trog
  1953 | D:10     | Reached XP level 11. HP: 79/101 MP: 9/9
  2003 | D:11     | Noticed Urug
  2023 | D:11     | Killed Urug
  2023 | D:11     | Reached skill level 15 in Axes
  2179 | D:11     | Found a frozen archway.
  2193 | D:11     | Reached skill level 1 in Evocations
  2258 | IceCv    | Entered an ice cave
  2326 | IceCv    | Reached **** piety under Trog
  2568 | IceCv    | Reached skill level 10 in Armour
  2607 | IceCv    | Reached skill level 16 in Axes
  2819 | IceCv    | Found an ancient bone altar of Kikubaaqudgha.
  2927 | IceCv    | Noticed a necromancer
  2936 | IceCv    | Killed a necromancer
  3218 | D:10     | Found a staircase to the Orcish Mines.
  3273 | Orc:1    | Entered Level 1 of the Orcish Mines
  3280 | Orc:1    | Reached XP level 12. HP: 110/110 MP: 13/13
  3462 | Orc:2    | Entered Level 2 of the Orcish Mines
  3596 | Orc:2    | Noticed Donald
  3700 | Orc:2    | Reached ***** piety under Trog
  3721 | Orc:2    | Found a staircase to the Elven Halls.
  3781 | Orc:1    | Reached skill level 17 in Axes
  3939 | Orc:2    | Killed Donald
  3939 | Orc:2    | Reached skill level 5 in Evocations
  4101 | Orc:2    | Noticed an ogre mage
  4101 | Orc:2    | Received a gift from Trog
  4127 | Orc:1    | jesus
  4146 | Orc:1    | Gained mutation: You are frail (-10% HP). [mutagenic glow]
  4191 | Orc:2    | Killed an ogre mage
  4198 | Orc:2    | Noticed an ogre mage
  4204 | Orc:2    | Noticed an ogre mage
  4207 | Orc:2    | Killed an ogre mage
  4207 | Orc:2    | Reached skill level 18 in Axes
  4220 | Orc:1    | Gained mutation: Scrolls take you a little longer to read. [mutagenic glow]
  4262 | Orc:1    | Gained mutation: You are occasionally teleported next to monsters. [mutagenic glow]
  4280 | Orc:2    | Killed an ogre mage
  4280 | Orc:2    | Reached XP level 13. HP: 89/106 MP: 15/15
  4499 | Orc:2    | Found Sotog's Gadget Emporium.
  4499 | Orc:2    | Found Keexeumn's Gadget Shop.
  4499 | Orc:2    | Found Mitiam's Magic Scroll Shop.
  4499 | Orc:2    | Found Touth's Assorted Antiques.
  4509 | Orc:2    | Bought a scroll labeled TEL BARUEHISCH for 30 gold pieces
  4509 | Orc:2    | Bought a metallic amethyst potion for 27 gold pieces
  4509 | Orc:2    | Bought an amethyst potion for 27 gold pieces
  4509 | Orc:2    | Bought a metallic sapphire potion for 27 gold pieces
  4531 | Orc:2    | Bought a scroll of blinking for 90 gold pieces
  4531 | Orc:2    | Bought a scroll of teleportation for 36 gold pieces
  4531 | Orc:2    | Bought a scroll of identify for 24 gold pieces
  4531 | Orc:2    | Bought a scroll of recharging for 114 gold pieces
  4532 | Orc:2    | Bought a wand of disintegration (16) for 280 gold pieces
  4545 | Orc:2    | Gained mutation: You are clumsy. (Dex -2) [potion of mutation]
  4545 | Orc:2    | Gained mutation: Potions and wands are less effective at restoring your health. [potion of mutation]
  4545 | Orc:2    | Gained mutation: You rapidly evolve. [potion of mutation]
  4607 | Elf:1    | Entered Level 1 of the Elven Halls
  4680 | Elf:1    | Noticed a deep elf demonologist
  4689 | Elf:1    | Killed a deep elf demonologist
  4689 | Elf:1    | Reached skill level 19 in Axes
  4745 | Elf:1    | Lost mutation: Scrolls take you a little longer to read. [evolution]
  4898 | Elf:2    | Noticed a deep elf blademaster
  4899 | Elf:2    | Noticed Agnes
  4937 | Elf:2    | HP: 3/106 [deep elf knight/stone arrow (6)]
  4941 | Elf:2    | Killed from afar by a deep elf knight

Vault maps used:
D:1:      ncdulo_halloftheorcs
D:2:      nemelex_xobeh_ov_fountains_minmay, st_stairs_4
D:3:      minitemple, uniq_grinder
D:4:      nicolae_qazlal_style_of_elements, old_standard_altar, first_bread,
          minmay_misc_feat_doors, nemelex_diamond_rough_becter, uniq_duvessa,
          uniq_crazy_yiuf_cottage
D:6:      nicolae_sextant
D:7:      serial_undead, serial_undead_a, serial_undead_b, serial_undead_f,
          serial_undead_b, small_statue_alley_b, grunt_livestock,
          sigmund_edmund_badplayer
D:8:      minmay_another_anthill, uniq_prince_ribbit1
D:9:      lair_0_dummy, kennysheep_generic_room_11
D:10:     lemuel_castle_with_subvaults, david_orc_2, uniq_joseph
D:11:     portal_ice_cave_entry_ice_beasts, uniq_urug
Orc:1:    lemuel_ogre_cave
Orc:2:    st_orc_ogre_mass, amalloy_card_club, uniq_donald
Elf:1:    minivault_28, minmay_elf_annihilation
Elf:2:    infiniplex_enter_wizlab_water, serial_shops, shop, uniq_agnes
IceCv:    ice_cave_small_necro

Action                   |  1- 3 |  4- 6 |  7- 9 | 10-12 | 13-15 || total
-------------------------+-------+-------+-------+-------+-------++-------
Melee: Hand axe          |    63 |    41 |   108 |   535 |   158 ||   905
       Battleaxe         |       |       |       |     7 |       ||     7
Invok: Berserk           |     3 |     3 |     8 |    32 |     6 ||    52
       Trog's Hand       |       |     2 |     7 |    12 |     9 ||    30
       Brothers in Arms  |       |       |       |       |     1 ||     1
Evoke: Phial of floods   |       |       |       |     1 |     1 ||     2
       Wand              |       |       |       |       |     3 ||     3
       Deck              |       |       |       |       |     1 ||     1
  Use: Scroll            |     1 |       |       |       |    14 ||    15
       Potion            |       |       |     1 |     5 |     5 ||    11
  Eat: Chunk             |       |     5 |    17 |    26 |     9 ||    57
       Bread ration      |       |       |       |     3 |       ||     3
       Fruit             |       |       |       |     3 |       ||     3
       Meat ration       |       |       |       |     1 |       ||     1
